 Dungeon Crawl Stone Soup version 0.29.1-2-gbd0b4ee654 (webtiles) character file.

Game seed: 15050785610716361025

3491 qeuew the Cleaver (level 9, -7/123 HPs)
             Began as a Minotaur Berserker on Nov 13, 2022.
             Was an Elder of Trog.
             Mangled by an orc warrior
             ... wielding a +0 halberd
              (17 damage)
             ... in a bailey.
             The game lasted 00:10:48 (6572 turns).

qeuew the Cleaver (Minotaur Berserker)              Turns: 6572, Time: 00:10:50

Health: -7/123     AC:  7    Str: 23    XL:     9   Next: 80%
Magic:  0/8        EV: 16    Int:  3    God:    Trog [****..]
Gold:   396        SH:  0    Dex: 18    Spells: 8/8 levels left

rFire   + . .      SeeInvis +   a - +1 hand axe
rCold   . . .      Faith    .   (no shield)
rNeg    . . .      Spirit   +   o - +1 leather armour of Negligence {rF+ Regen+}
rPois   +          Reflect  .   (helmet unavailable)
rElec   .          Harm     .   (no cloak)
rCorr   .          Rampage  .   h - +0 pair of gloves
Will    +....                   m - +0 pair of boots
Stlth   ..........              d - amulet of guardian spirit
HPRegen 1.10/turn               n - ring of poison resistance
MPRegen 0.11/turn               c - ring of Ofifihea {Will+ Str+2 SInv Stlth+}

@: berserking, very quick
A: horns 3, retaliatory headbutt, agile 1, sense surroundings 1, MP-powered
wands
a: Renounce Religion, Berserk, Trog's Hand, Brothers in Arms


You were in a bailey.
You worshipped Trog.
Trog was greatly pleased with you.
You visited 1 branch of the dungeon, and saw 8 of its levels.
You also visited: Sewer and Bailey.

You collected 396 gold pieces.

Inventory:

Hand Weapons
 a - a +1 hand axe (weapon)
 t - a +0 shortbow
Missiles
 q - a throwing net
Armour
 h - a +0 pair of gloves (worn)
 m - a +0 pair of boots (worn)
 o - the +1 leather armour of Negligence (worn) {rF+ Regen+}
   (You found it on level 4 of the Dungeon)

   rF:        It protects you from fire.
   Regen:     It increases your rate of health regeneration.
Jewellery
 c - the ring of Ofifihea (right hand) {Will+ Str+2 SInv Stlth+}
   (You found it on level 5 of the Dungeon)

   [ring of see invisible]

   Str:       It affects your strength (+2).
   SInv:      It lets you see invisible.
   Will:      It increases your willpower.
   Stlth:     It makes you more stealthy.
 d - an amulet of guardian spirit (around neck)
 n - a ring of poison resistance (left hand)
Wands
 i - a wand of flame (47)
 v - a wand of roots (11)
 y - a wand of polymorph (9)
Scrolls
 b - 9 scrolls of teleportation
 j - 4 scrolls of fear
 r - a scroll of enchant armour
 s - 3 scrolls of enchant weapon
 u - a scroll of amnesia {unknown}
 w - a scroll of fog {unknown}
Potions
 e - 2 potions of mutation
 f - 3 potions of invisibility
 g - 6 potions of heal wounds
 k - 3 potions of haste
 l - a potion of ambrosia
 p - a potion of resistance {unknown}
 x - 2 potions of curing
 z - 3 potions of might {unknown}
 A - 2 potions of cancellation


   Skills:
 + Level 8.5 Fighting
 + Level 8.6 Axes
 + Level 5.8 Ranged Weapons
 + Level 8.1 Armour
 + Level 7.4 Dodging


You had 8 spell levels left.
You didn't know any spells.
Your spell library was empty.

Dungeon Overview and Level Annotations

Branches:
Dungeon (8/15)             Temple (0/1) D:7           Sewer (visited)
 Bailey (1/1)
   Lair: D:8-11

Altars:
Fedhas

Annotations:
D:7 1 transporter


Innate Abilities, Weirdness & Mutations

You have a pair of large horns on your head.
You reflexively headbutt those who attack you in melee.
You are agile. (Dex +4, Str/Int -1)
You passively map a small area around you.
You expend magic power (3 MP) to strengthen your wands.


Message History

The orc hits you but does no damage.
You hit the orc knight.
The orc knight is moderately wounded.
The orc warrior hits you from afar with a +0 halberd.
The orc knight completely misses you. The orc misses you.
You slash the orc knight! You headbutt the orc knight.
The orc knight is heavily wounded.
You barely miss the orc knight.
The orc knight is heavily wounded.
The orc warrior misses you.
The orc knight hits you with a +0 glaive!!
* * * LOW HITPOINT WARNING * * *
The orc barely misses you.
You barely miss the orc knight.
The orc knight is heavily wounded.
You slash the orc knight!
The orc knight is severely wounded.
The orc warrior closely misses you.
The orc knight roars a battlecry!
The orcs go into a battle-frenzy!
The orc closely misses you.
You closely miss the orc knight. Your headbutt misses the orc knight.
The orc knight is severely wounded.
You hit the orc knight. You headbutt the orc knight!!
You kill the orc knight!
Trog accepts your kill. The orc warrior barely misses you.
The orc barely misses you.
Your Armour skill increases to level 8!
The orc warrior hits you with a +0 halberd!
* * * LOW HITPOINT WARNING * * *
The orc hits you with a +0 trident.
* * * LOW HITPOINT WARNING * * *
You barely miss the orc warrior. You barely miss the orc.
You hit the orc warrior.
The orc warrior is lightly wounded.
You slash the orc!
You kill the orc!
Trog accepts your kill.
The orc warrior hits you with a +0 halberd!
You die...

#### #######
.).#########.....##*
.)..#.....#...))o.+
#)..'.....'..#.)@.+
, ,
.)..'..!..'...)...+
#...'.....'..#).).+
,
....#.....#.......+
,
...#########.....##
#### #######


You could see an orc warrior (strong).

Vanquished Creatures
  Pikel (D:3)
  An orc knight (Bailey)
  Maurice (D:8)
  A hornet (D:8)
  A wyvern (D:7)
  Eustachio (D:6)
  A steam dragon (D:7)
  2 black bears (D:5)
  3 orc warriors (Bailey)
  2 ice beasts
  A lemure (D:4)
  Blork the orc (D:4)
  A necrophage (D:5)
  2 scorpions
  2 hounds
  2 orc priests (D:5)
  5 jellies
  3 iguanas
  An orc wizard (D:7)
  7 gnolls
  9 adders
  6 river rats
  A white imp (D:6)
  An ufetubus (D:4)
  3 worms (D:3)
  4 dart slugs
  38 orcs
  11 ball pythons
  20 endoplasms
  6 giant cockroaches
  9 goblins
  9 hobgoblins
  3 jackals (D:2)
  8 quokkas
  6 bats
  6 frilled lizards
  7 kobolds
  14 rats
  2 butterflies (D:7)
202 creatures vanquished.

Vanquished Creatures (others)
  An ufetubus (D:7)
  2 demonic plants (D:2)
  2 fungi (D:2)
  5 plants
10 creatures vanquished.

Grand Total: 212 creatures vanquished

Notes
Turn   | Place    | Note
-------+----------+-------------------------------------------
     0 | D:1      | qeuew the Minotaur Berserker began the quest for the Orb.
     0 | D:1      | Reached XP level 1. HP: 19/19 MP: 0/0
   419 | D:1      | Reached XP level 2. HP: 15/27 MP: 1/1
  1395 | D:1      | Gained mutation: You have a pair of large horns on your
                  | head. [potion of mutation]
  1395 | D:1      | Gained mutation: You expend magic power (3 MP) to
                  | strengthen your wands. [potion of mutation]
  1395 | D:1      | Gained mutation: You are agile. (Dex +4, Str/Int -1)
                  | [potion of mutation]
  1395 | D:1      | Gained mutation: You passively map a small area around you.
                  | [potion of mutation]
  1449 | D:2      | Reached XP level 3. HP: 28/33 MP: 2/2
  1608 | D:2      | Found a faded altar of an unknown god.
  1823 | D:2      | Reached ** piety under Trog
  2230 | D:3      | Found a glowing drain.
  2234 | D:3      | Reached XP level 4. HP: 36/40 MP: 3/3
  2254 | Sewer    | Entered a sewer
  2638 | Sewer    | Reached XP level 5. HP: 43/47 MP: 2/4
  2731 | Sewer    | Found a shimmering altar of Xom.
  2912 | Sewer    | Reached skill level 5 in Fighting
  2912 | Sewer    | Reached skill level 5 in Axes
  3318 | D:3      | Noticed an ice beast
  3325 | D:3      | Killed an ice beast
  3326 | D:3      | Reached XP level 6. HP: 32/56 MP: 5/5
  3557 | D:3      | Reached *** piety under Trog
  4448 | D:4      | Noticed Pikel
  4466 | D:3      | Killed Pikel
  4467 | D:3      | Reached skill level 5 in Armour
  4467 | D:3      | Reached skill level 5 in Dodging
  4467 | D:3      | Reached XP level 7. HP: 63/63 MP: 4/6
  4578 | D:4      | Identified the +1 leather armour of Negligence {rF+ Regen+}
  4746 | D:4      | Noticed Blork the orc
  4754 | D:4      | Reached XP level 8. HP: 71/71 MP: 7/7
  4761 | D:4      | Killed Blork the orc
  5087 | D:5      | Entered Level 5 of the Dungeon
  5150 | D:5      | Identified the ring of Ofifihea {Will+ Str+2 SInv Stlth+}
  5758 | D:5      | Found a blossoming altar of Fedhas.
  5865 | D:6      | Reached **** piety under Trog
  6004 | D:6      | Noticed Eustachio
  6018 | D:6      | Killed Eustachio
  6059 | D:6      | You fall into a shaft and drop 2 floors!
  6140 | D:8      | Noticed Maurice
  6141 | D:8      | Noticed a hornet
  6152 | D:8      | Killed a hornet
  6153 | D:8      | Reached XP level 9. HP: 79/79 MP: 4/8
  6161 | D:8      | Killed Maurice
  6197 | D:7      | Found a transporter.
  6203 | D:7      | Noticed a kobold demonologist
  6204 | D:7      | Noticed a kobold demonologist
  6213 | D:7      | Found a staircase to the Ecumenical Temple.
  6289 | D:7      | Reached skill level 5 in Ranged Weapons
  6372 | D:7      | Found a flagged portal.
  6398 | Bailey   | Entered a bailey
  6550 | Bailey   | Noticed an orc knight
  6569 | Bailey   | Killed an orc knight
  6572 | Bailey   | Mangled by an orc warrior

Illustrated notes

Levels and vault maps discovered:
D:1:      onia_arrival_pentagram, layout_basic, minmay_pentomino_v2
D:2:      layout_loops_ring, shapermc_ecumenical_altar_gd
D:3:      minmay_razor_zed, layout_basic, portal_sewer_entry_a,
          minmay_misc_feat_chi, minmay_stone_trees_small, serial_bayou_pond_b,
          hangedman_glass_teeth, hex_tiny
D:4:      layout_rooms, hangedman_abyss_or_decor_passed, serial_bayou_pond_b,
          uniq_blork_the_orc, uniq_pikel
D:5:      layout_loops_ring, nicolae_overflow_hidden_temple
D:6:      layout_cave_pools, hellmonk_bongcloud_opening, uniq_eustachio
D:7:      gammafunk_wand_slinger, layout_loops_ring,
          minmay_temple_entry_butterflies, enter_bailey_5, uniq_joseph,
          uniq_crazy_yiuf_cottage
D:8:      layout_loops_ring, uniq_maurice
Bailey:   bailey_polearm_5, bailey

Skill      XL: |  1  2  3  4  5  6  7  8  9 |
---------------+----------------------------+-----
Fighting       | 4 5 6 7 8 |  8.5
Axes           | 4 5 6 7 8 |  8.6
Armour         | 3 4 5 7 8 |  8.1
Dodging        | 3 4 5 6 7 |  7.4
Ranged Weapons | 2 4 5 |  5.8

Action                   |  1- 3 |  4- 6 |  7- 9 || total
-------------------------+-------+-------+-------++-------
Melee: Hand axe          |    84 |   159 |   203 ||   446
       Headbutt          |     7 |    28 |    39 ||    74
       Punch             |     1 |     1 |     7 ||     9
Invok: Trog's Hand       |       |     1 |     1 ||     2
       Berserk           |       |     2 |     4 ||     6
  Use: Scroll            |     4 |     6 |     2 ||    12
       Potion            |     3 |     3 |     2 ||     8
 Stab: Sleeping          |       |       |     4 ||     4
Armor: Animal skin       |     3 |       |       ||     3
       Scale mail        |    18 |    69 |       ||    87
       Leather armour    |       |       |    69 ||    69
Dodge: Dodged            |    60 |   104 |   195 ||   359
